 Dungeon Crawl Stone Soup version 0.26.0-8-g74fc34ddfb (webtiles) character file.

Game seed: 15656032471960168835

103 vvl the Skirmisher (level 4, -3/40 HPs)
             Began as a Hill Orc Fighter on Jan 12, 2021.
             Slain by an ogre
             ... wielding a +0 giant club
              (22 damage)
             ... on level 5 of the Dungeon.
             The game lasted 00:03:17 (1469 turns).

vvl the Skirmisher (Hill Orc Fighter)               Turns: 1469, Time: 00:03:17

Health: -3/40      AC:  7    Str: 19    XL:     4   Next: 79%
Magic:  5/5        EV:  7    Int: 14    God:
Gold:   11         SH:  9    Dex: 10    Spells: 3/3 levels left

rFire    . . .     SeeInvis .   a - +0 war axe
rCold    . . .     Faith    .   c - +0 kite shield
rNeg     . . .     Spirit   .   b - +0 scale mail
rPois    .         Reflect  .   (no helmet)
rElec    .         Harm     .   (no cloak)
rCorr    .         Rampage  .   (no gloves)
Will     .....                  (no boots)
Stlth    +.........             (no amulet)
HPRegen  0.13/turn              i - +6 ring of intelligence
MPRegen  0.09/turn              m - ring of stealth

@: no status effects
A: no striking features
a: no special abilities


You were on level 5 of the Dungeon.
You visited 1 branch of the dungeon, and saw 5 of its levels.

You collected 71 gold pieces.
You spent 60 gold pieces at shops.

Inventory:

Hand Weapons
 a - a +0 war axe (weapon)
Armour
 b - a +0 scale mail (worn)
 c - a +0 kite shield (worn)
Jewellery
 i - a +6 ring of intelligence (left hand)
 m - a ring of stealth (right hand)
Scrolls
 e - 5 scrolls of amnesia
 g - 2 scrolls of enchant armour
 j - 2 scrolls of fear {unknown}
 l - a scroll of teleportation {unknown}
Potions
 d - a potion of might
 f - 2 potions of curing {unknown}


   Skills:
 + Level 4.2 Fighting
 + Level 3.5 Axes
 + Level 3.8 Armour
 + Level 3.8 Shields
 + Level 2.1 Invocations
 + Level 1.4 Evocations


You had 3 spell levels left.
You didn't know any spells.
Your spell library contained the following spells:

 Spells                   Type           Power        Failure   Level
 Magic Dart               Conj           0%           98%         1
 Searing Ray              Conj           0%           99%         2
 Dazzling Flash           Conj/Hex       0%           100%        3
 Fulminant Prism          Conj/Hex       0%           100%        4
 Iskenderun's Mystic Bla  Conj/Tloc      0%           100%        4


Dungeon Overview and Level Annotations

Branches:
Dungeon (5/15)             Temple (0/1) D:5

Altars:
Qazlal

Shops:
D:5 ?


Message History

You open the door.
Items here: )))) ††††.
An ogre comes into view. It is wielding a +0 giant club.
The ogre shouts!
You barely miss the ogre. You block the ogre's attack.
You hit the ogre.
The ogre is lightly wounded.
The ogre hits you with a +0 giant club!!
Ouch! That really hurt!
You are too injured to fight recklessly!
You are too injured to fight recklessly!
You are too injured to fight recklessly!
You barely miss the ogre.
The ogre is lightly wounded.
The ogre closely misses you.
You slash the ogre!
The ogre is heavily wounded.
The ogre hits you with a +0 giant club!!
Ouch! That really hurt!
You die...

#........#................#..#.#.
#........#.#####.......#.....#.#.
#........#.#############.##.##.#.
###....#.#.#>......# #.....#.#.
#....#.#.#.####### .#.###.#.#.
####.#.#.........# ..#.###.#.#.
#.#.#.........# ..#.........
#.#.#.....O...##'######.#.#.
######'#.#......@.....# #.#.#.
#........#...........## #.#.#.
#........#..........## #...#.
#........#..........#########..#.
######...#.########.#..........#.
#########.# #.#.#######..#.
..........# ###.#............
########..# #...........##.#.
#..# #..........(##...


You could see an ogre.

Vanquished Creatures
  2 worker ants
  An adder (D:4)
  A worm (D:2)
  3 dart slugs
  3 bats
  2 giant cockroaches
  10 goblins
  A hobgoblin (D:1)
  4 jackals (D:1)
  3 kobolds
  A quokka (D:4)
  A rat (D:1)
32 creatures vanquished.

Notes
Turn   | Place    | Note
-------+----------+-------------------------------------------
     0 | D:1      | vvl the Hill Orc Fighter began the quest for the Orb.
     0 | D:1      | Reached XP level 1. HP: 19/19 MP: 1/1
   140 | D:1      | Reached XP level 2. HP: 27/27 MP: 2/2
   195 | D:1      | Reached skill level 1 in Invocations
   426 | D:2      | Reached XP level 3. HP: 17/33 MP: 3/3
   427 | D:2      | Reached skill level 4 in Fighting
   427 | D:2      | Reached skill level 1 in Evocations
   796 | D:2      | Reached XP level 4. HP: 40/40 MP: 5/5
  1009 | D:4      | Found a stormy altar of Qazlal.
  1029 | D:5      | Entered Level 5 of the Dungeon
  1054 | D:5      | Found a staircase to the Ecumenical Temple.
  1092 | D:5      | Found Niro's Magic Scroll Shoppe.
  1124 | D:5      | Bought a scroll of identify for 30 gold pieces
  1124 | D:5      | Bought a scroll of identify for 30 gold pieces
  1462 | D:5      | Noticed an ogre
  1469 | D:5      | Slain by an ogre

Illustrated notes

Levels and vault maps discovered:
D:1:      dpeg_arrival_refuge, layout_loops_ring, hangedman_abyss_or_decor_stabs
D:2:      layout_loops_ring, zin_treasury
D:3:      layout_loops_corners, serial_bayou, serial_bayou_shore_a,
          serial_bayou_pond_a, serial_bayou_pond_e, serial_bayou_pond_a,
          serial_bayou_pond_a, kennysheep_generic_room_6
D:4:      layout_loops_cross, lemuel_crystal_altar, minivault_23
D:5:      layout_basic, minmay_temple_entry_butterflies, serial_shops,
          nicolae_shop_waterfront, ebering_ghost_reflecting_pool,
          chequers_serial_rivers_small_3, minmay_ogre_servants

Skill      XL: |  1  2  3  4 |
---------------+-------------+-----
Axes           | 3 |  3.5
Invocations    | 1 2 |  2.1
Fighting       | 4 |  4.2
Evocations     | 1 |  1.4
Armour         | |  3.8
Shields        | |  3.8

Action                   |  1- 3 |  4- 6 || total
-------------------------+-------+-------++-------
Melee: War axe           |    58 |    50 ||   108
  Use: Scroll            |       |     3 ||     3
Armor: Scale mail        |    20 |    15 ||    35
Dodge: Dodged            |    20 |    15 ||    35
Block: Kite shield       |    23 |    14 ||    37
